 Dungeon Crawl Stone Soup version 0.30-a0-169-g06f667207d (webtiles) character file.

Game seed: 14072062016335038932

24314 qw the Fighter (level 13, -7/90 HPs)
             Began as a Gargoyle Fighter on Sept 29, 2022.
             Was a High Priest of Okawaru.
             Mangled by a bog body (36 damage)
             ... on level 2 of the Lair of Beasts.
             The game lasted 00:04:52 (14654 turns).

qw the Fighter (Gargoyle Fighter)                  Turns: 14654, Time: 00:04:53

Health: -7/90      AC: 34    Str: 28    XL:     13   Next: 12%
Magic:  29/29      EV:  6    Int:  9    God:    Okawaru [*****.]
Gold:   911        SH:  9    Dex:  8    Spells: 12/12 levels left

rFire   . . .      SeeInvis +    e - +6 war axe of Erien {elec, rC- Will+++ MP+9 SInv}
rCold   x . .      Faith    .    y - +0 kite shield
rNeg    + + .      Spirit   .    k - +0 plate armour
rPois   inf        Reflect  .    p - +2 helmet
rElec   +          Harm     .    (no cloak)
rCorr   .          Rampage  .    (no gloves)
Will    +++..                    b - +1 pair of boots
Stlth   ..........               (no amulet)
HPRegen 0.25/turn                a - ring of positive energy
MPRegen 0.21/turn                m - +4 ring of protection

@: no status effects
A: sickness immunity, AC +9, negative energy resistance 1, electricity
resistance, torment resistance 1, petrification resistance, iridescent scales 1,
screaming 1, strong 1
a: Renounce Religion, Heroism, Finesse, Duel


You were on level 2 of the Lair of Beasts.
You worshipped Okawaru.
Okawaru was extremely pleased with you.
You visited 3 branches of the dungeon, and saw 14 of its levels.
You also visited: Ossuary.

You collected 953 gold pieces.
You spent 42 gold pieces at shops.


Innate Abilities, Weirdness & Mutations

You are immune to sickness and miasma.
Your stone body is resilient. (AC +9)
You are immune to poison.
You resist negative energy. (rN+)
You are resistant to electric shocks. (rElec)
You are resistant to unholy torment.
You are immune to petrification.
You are partially covered in iridescent scales. (AC +2)
You occasionally shout uncontrollably at your foes.
Your muscles are strong. (Str +4, Int/Dex -1)


   Skills:
 - Level 14.0 Fighting
 - Level 11.2 Axes
 - Level 4.0 Throwing
 - Level 8.0 Armour
 - Level 1.5 Dodging
 + Level 8.9 Shields
 + Level 9.5 Invocations


You had 12 spell levels left.
You didn't know any spells.
Your spell library was empty.

Inventory:

Hand Weapons
 c - a +0 morningstar of protection
 e - the +6 war axe of Erien (weapon) {elec, rC- Will+++ MP+9 SInv}
   (You found it on level 4 of the Dungeon)

   It occasionally discharges a powerful burst of electricity upon striking a
   foe.
   rC:        It makes you vulnerable to cold.
   MP:        It affects your magic capacity (+9).
   SInv:      It lets you see invisible.
   Will:      It greatly increases your willpower.
 r - a +0 war axe
Missiles
 g - 4 silver javelins (quivered)
 q - 2 boomerangs
Armour
 b - a +1 pair of boots (worn)
 k - a +0 plate armour (worn)
 p - a +2 helmet (worn)
 y - a +0 kite shield (worn)
 A - the +1 cloak "Guig" {Str-5 Int+2 Slay+6}
   (Okawaru gifted it to you on level 2 of the Lair of Beasts)

   Str:       It affects your strength (-5).
   Int:       It affects your intelligence (+2).
   Slay:      It affects your accuracy & damage with ranged weapons and melee
   (+6).
Jewellery
 a - a ring of positive energy (left hand)
 m - a +4 ring of protection (right hand)
 v - a ring of ice
 z - a ring of ice
Wands
 t - a wand of digging (6)
Scrolls
 f - 8 scrolls of teleportation
 o - 7 scrolls of identify
 B - a scroll of brand weapon {unknown}
Potions
 d - 4 potions of might
 h - 13 potions of curing
 i - 5 potions of lignification
 j - 3 potions of heal wounds
 l - 2 potions of haste
 n - 3 potions of mutation
 s - 2 potions of cancellation
 u - a potion of resistance
 w - a potion of attraction
 x - a potion of magic

Dungeon Overview and Level Annotations

Branches:
Dungeon (11/15)            Temple (1/1) D:6            Lair (2/5) D:11
  Swamp (0/4) Lair:2      Ossuary (visited)
  Snake: Lair:2-3    Spider: Lair:2-3       Orc: D:9-12

Altars:
Ashenzari
Cheibriados
Dithmenos
Elyvilon
Fedhas
Gozag
Hepliaklqana
Kikubaaqudgha
Makhleb
Nemelex Xobeh
Okawaru
Qazlal
Ru
Sif Muna
Trog
Uskayaw
Vehumet
Wu Jian
Xom
Yredelemnul
Zin
The Shining One

Shops:
D:2 (

Annotations:
D:3 1 runed translucent door, Crazy Yiuf
D:5 3 runed translucent doors, qw's ghost, novice GrFi


Message History

The komodo dragon completely misses you.
The bog body touches you but does no damage.
14355 ||| DRINKING 4 potions of heal wounds.
You feel much better.
The komodo dragon bites you but does no damage.
You block the bog body's attack.
You hit the komodo dragon.
The komodo dragon is heavily wounded.
You barely miss the bog body.
The komodo dragon completely misses you.
You slash the komodo dragon!
Lightning courses through the komodo dragon!
You kill the komodo dragon!
Okawaru accepts your kill.
You barely miss the bog body.
Your surroundings suddenly seem different.
You start resting.
Magic restored.
You start resting.
You feel like a meek peon again.
HP restored.
B - a scroll labelled ISIMEM ZONE
Enter note:
Enter note:
Enter note:
Enter note:
Enter note:
Enter note:
Enter note:
Enter note:
Enter note:
14651 ||| Stepping ~*~*~tactically~*~*~ (hiding).
You enter the shallow water.
Moving in this stuff is going to be slow.
The bog body casts a spell at you. The bolt of cold hits you!!!
You feel a terrible chill!
Ouch! That really hurt!
14654 ||| Stepping ~*~*~tactically~*~*~ (cloud).
The bog body touches you. The bog body freezes you!!!
You feel a terrible chill!
You die...

..#...#........#
......#........# ..
..#....#.......# .#
.#.............# #.# ##.##
.#.#P..........###.##....#
..###PP#.................
......<........~0~......##
..............007n~......#
..............7¤@7¤¤¤¤..#
..............~¤¤¤¤¤....##
.#.###.#......¤¤¤7..¤...P#
#### ###...........¤#...P#
#.####.............<..##
###..##.......#.........#
.##..#.P.....?........#.##
# #......(....#.......#..#
# #...#...............#.##


You could see a bog body.

Vanquished Creatures
  Fannar (Lair:2)
  A hydra (Lair:2)
  Harold (D:11)
  A two-headed ogre (D:9)
  A boulder beetle (D:11)
  A bog body (Lair:2)
  An oklob plant (Lair:1)
  2 ugly things
  2 black mambas
  A cane toad (Lair:1)
  2 gargoyles (D:10)
  7 komodo dragons
  2 kobold demonologists
  A polar bear (Lair:1)
  8 blink frogs
  Sigmund (D:4)
  2 shadows
  4 wyverns
  33 yaks
  Grum (D:9)
  A steam dragon (D:4)
  3 vampire mosquitoes (D:10)
  3 acid dragons
  5 water moccasins
  An ice beast (D:7)
  2 black bears (D:11)
  3 orc warriors
  2 ogres
  12 wolves
  3 centaurs
  2 phantoms
  Blork the orc (D:4)
  A gnoll sergeant (D:11)
  11 bullfrogs
  3 scorpions
  9 wights
  3 killer bees (D:9)
  6 howler monkeys
  2 hounds (D:5)
  A jelly (D:6)
  An iguana (D:4)
  9 orc priests
  A gnoll bouda (D:8)
  7 orc wizards
  Ijyb (D:5)
  8 mummies (Ossuary)
  Robin (D:4)
  9 adders
  11 gnolls
  A shadow imp (D:6)
  3 white imps
  2 ufetubi
  2 worms
  5 dart slugs
  46 orcs
  9 ball pythons
  3 endoplasms
  4 giant cockroaches
  7 goblins
  7 hobgoblins
  6 jackals
  7 quokkas
  A bat (D:1)
  3 frilled lizards
  2 hobgoblin zombies (Ossuary)
  7 kobolds
  5 kobold zombies (Ossuary)
  An orc zombie (Ossuary)
  5 rats
321 creatures vanquished.

Vanquished Creatures (others)
  26 fungi
  25 plants
51 creatures vanquished.

Grand Total: 372 creatures vanquished

Notes
Turn   | Place    | Note
-------+----------+-------------------------------------------
     0 | D:1      | qw the Gargoyle Fighter began the quest for the Orb.
     0 | D:1      | Reached XP level 1. HP: 14/14 MP: 1/1
     0 | D:1      | 0 ||| qw: Version: 0.2-a-12-gaebbb33
     0 | D:1      | 0 ||| qw: Game counter: 1283
     0 | D:1      | 0 ||| qw: Always use a shield: true
     0 | D:1      | 0 ||| qw: God list: Okawaru
     0 | D:1      | 0 ||| qw: Allow faded altars: false
     0 | D:1      | 0 ||| qw: Do Orc after D:15 true
     0 | D:1      | 0 ||| qw: Do second Lair branch before Depths: true
     0 | D:1      | 0 ||| qw: Lair rune preference: random
     0 | D:1      | 0 ||| qw: Plans: Normal, Zot:1-4, God:TSO, Crypt, Tomb,
                  | Pan, Slime:5, Hells, Abyss, Orb
     0 | D:1      | 0 ||| PLANNING D:1-11
    91 | D:1      | Reached XP level 2. HP: 19/19 MP: 2/2
    96 | D:1      | 96 ||| Stepping ~*~*~tactically~*~*~ (stealth).
   405 | D:1      | 405 ||| Stepping ~*~*~tactically~*~*~ (stealth).
   415 | D:1      | Reached skill level 3 in Axes
   495 | D:1      | Found a faded altar of an unknown god.
   637 | D:1      | Reached XP level 3. HP: 23/23 MP: 3/3
   639 | D:1      | 639 ||| DROPPING +0 club.
   861 | D:1      | 861 ||| READING scroll labelled GOWEUG KATWOA.
   861 | D:1      | Identified a scroll of acquirement
   861 | D:1      | 861 ||| ACQUIRING ring of positive energy
   861 | D:1      | Acquired a ring of positive energy
   863 | D:1      | 863 ||| UPGRADING to ring of positive energy.
   864 | D:1      | 864 ||| READING scroll labelled WUNKOE PINGUL.
  1024 | D:2      | Found Puczufux's Weapon Boutique.
  1039 | D:2      | 1039 ||| BUYING +0 flail (42 gold).
  1039 | D:2      | Bought a +0 flail for 42 gold pieces
  1039 | D:2      | 1039 ||| SHOPLISTING +5 hand axe of Orogg {flame, rElec rN+
                  | Int+4} (684 gold, have 8).
  1039 | D:2      | 1039 ||| DROPPING +0 whip.
  1706 | D:2      | 1706 ||| UPGRADING to +4 ring of protection.
  1707 | D:2      | 1707 ||| READING scroll labelled QUSIUXZ ZUPAI.
  1761 | D:2      | 1761 ||| READING 2 scrolls labelled RAORONW CEXU.
  1762 | D:2      | 1762 ||| READING scroll labelled RAYDYL ZIXKAS.
  1763 | D:2      | 1763 ||| READING scroll labelled HOETAN TENN.
  1764 | D:2      | 1764 ||| READING scroll labelled RERCHE SEUB HIELE.
  1765 | D:2      | 1765 ||| DROPPING scroll of noise.
  1844 | D:3      | 1844 ||| STAIRDANCE
  1847 | D:3      | 1847 ||| STAIRDANCE
  1889 | D:3      | Noticed an ogre
  1900 | D:3      | Killed an ogre
  1901 | D:3      | Reached XP level 4. HP: 16/28 MP: 4/4
  1901 | D:3      | Reached XP level 5. HP: 18/32 MP: 5/5
  2162 | D:3      | Found a runed translucent door.
  2163 | D:3      | Noticed Crazy Yiuf
  2409 | D:3      | Found a shimmering blue altar of Sif Muna.
  2901 | D:3      | 2901 ||| READING scroll labelled CAL OLOWAA.
  2902 | D:3      | 2902 ||| READING scroll labelled MIYTIS ACSOLEZ.
  2903 | D:3      | 2903 ||| DRINKING 2 clear potions.
  2904 | D:3      | 2904 ||| DRINKING 3 yellow potions.
  2904 | D:3      | Gained mutation: You are partially covered in iridescent
                  | scales. (AC +2) [potion of mutation]
  2904 | D:3      | Gained mutation: You occasionally shout uncontrollably at
                  | your foes. [potion of mutation]
  2904 | D:3      | Gained mutation: Your muscles are strong. (Str +4, Int/Dex
                  | -1) [potion of mutation]
  2905 | D:3      | 2905 ||| DRINKING 2 brown potions.
  2906 | D:3      | 2906 ||| DROPPING potion of degeneration.
  2954 | D:4      | Identified the +6 war axe of Erien {elec, rC- Will+++ MP+9
                  | SInv}
  2956 | D:4      | 2956 ||| SWAPPING to +6 war axe of Erien {elec, rC- Will+++
                  | MP+9 SInv}.
  3035 | D:4      | Noticed an ogre
  3036 | D:4      | 3036 ||| Stepping ~*~*~tactically~*~*~ (stealth).
  3037 | D:4      | 3037 ||| Stepping ~*~*~tactically~*~*~ (stealth).
  3038 | D:4      | 3038 ||| Stepping ~*~*~tactically~*~*~ (stealth).
  3042 | D:4      | 3042 ||| Stepping ~*~*~tactically~*~*~ (stealth).
  3055 | D:4      | Killed an ogre
  3056 | D:4      | Reached skill level 4 in Fighting
  3056 | D:4      | Reached XP level 6. HP: 40/40 MP: 6/6
  3089 | D:4      | Noticed a steam dragon
  3092 | D:4      | Killed a steam dragon
  3275 | D:4      | 3275 ||| Stepping ~*~*~tactically~*~*~ (hiding).
  3277 | D:4      | 3277 ||| Stepping ~*~*~tactically~*~*~ (hiding).
  3277 | D:4      | Noticed Robin
  3279 | D:4      | 3279 ||| Stepping ~*~*~tactically~*~*~ (hiding).
  3284 | D:4      | 3284 ||| Stepping ~*~*~tactically~*~*~ (stealth).
  3291 | D:4      | Killed Robin
  3313 | D:4      | 3313 ||| Stepping ~*~*~tactically~*~*~ (stealth).
  3315 | D:4      | 3315 ||| Stepping ~*~*~tactically~*~*~ (stealth).
  3316 | D:4      | Noticed Blork the orc
  3320 | D:4      | Reached XP level 7. HP: 33/44 MP: 7/7
  3321 | D:4      | Reached skill level 6 in Axes
  3325 | D:4      | Killed Blork the orc
  3326 | D:4      | Reached skill level 1 in Dodging
  3572 | D:4      | 3572 ||| Stepping ~*~*~tactically~*~*~ (stealth).
  3573 | D:4      | 3573 ||| Stepping ~*~*~tactically~*~*~ (stealth).
  3584 | D:4      | 3584 ||| Stepping ~*~*~tactically~*~*~ (stealth).
  3597 | D:4      | 3597 ||| Stepping ~*~*~tactically~*~*~ (hiding).
  3898 | D:4      | Noticed Sigmund
  3899 | D:4      | 3899 ||| Stepping ~*~*~tactically~*~*~ (hiding).
  3913 | D:4      | Killed Sigmund
  3914 | D:4      | Reached XP level 8. HP: 41/48 MP: 8/8
  4504 | D:4      | 4504 ||| UPGRADING to +0 chain mail.
  4514 | D:4      | 4514 ||| DROPPING +0 scale mail.
  4515 | D:4      | 4515 ||| UPGRADING to +0 helmet.
  4520 | D:4      | 4520 ||| READING scroll labelled PAGIEN NAA.
  4521 | D:4      | 4521 ||| READING scroll labelled MIDUICI ROYCO.
  4522 | D:4      | 4522 ||| DRINKING 2 glowing cyan potions.
  4523 | D:4      | 4523 ||| READING 2 scrolls of identify.
  4523 | D:4      | 4523 ||| IDENTIFYING fuming puce potion
  4567 | D:5      | Entered Level 5 of the Dungeon
  4581 | D:5      | Found a runed translucent gate.
  4581 | D:5      | Found a runed translucent gate.
  4581 | D:5      | Found a runed translucent gate.
  4581 | D:5      | Noticed Ijyb
  4584 | D:5      | Noticed qw's ghost (novice GrFi)
  4587 | D:5      | Killed Ijyb
  4588 | D:5      | Reached skill level 5 in Fighting
  4783 | D:5      | 4783 ||| Stepping ~*~*~tactically~*~*~ (stealth).
  4853 | D:5      | 4853 ||| FLEEEEING.
  4854 | D:5      | 4854 ||| FLEEEEING.
  4855 | D:5      | 4855 ||| FLEEEEING.
  4858 | D:5      | 4858 ||| FLEEEEING.
  4859 | D:5      | 4859 ||| FLEEEEING.
  4860 | D:5      | 4860 ||| FLEEEEING.
  4861 | D:5      | 4861 ||| FLEEEEING.
  4934 | D:5      | 4934 ||| Stepping ~*~*~tactically~*~*~ (stealth).
  4948 | D:5      | 4948 ||| Stepping ~*~*~tactically~*~*~ (hiding).
  4949 | D:5      | 4949 ||| Stepping ~*~*~tactically~*~*~ (hiding).
  5172 | D:5      | Identified the +2 mace "Irchohas" {flame, rPois rN+ Will-
                  | Dex+2}
  5174 | D:5      | 5174 ||| DROPPING +2 mace "Irchohas" {flame, rPois rN+
                  | Will- Dex+2}.
  5182 | D:5      | 5182 ||| Stepping ~*~*~tactically~*~*~ (hiding).
  5337 | D:5      | Noticed a yak
  5337 | D:5      | Noticed a yak
  5338 | D:5      | 5338 ||| Stepping ~*~*~tactically~*~*~ (stealth).
  5339 | D:5      | Noticed a yak
  5339 | D:5      | Noticed a yak
  5339 | D:5      | Noticed a yak
  5340 | D:5      | 5340 ||| Stepping ~*~*~tactically~*~*~ (stealth).
  5341 | D:5      | Noticed a yak
  5343 | D:5      | 5343 ||| Stepping ~*~*~tactically~*~*~ (stealth).
  5348 | D:5      | Killed a yak
  5349 | D:5      | Reached skill level 6 in Fighting
  5351 | D:5      | Killed a yak
  5353 | D:5      | Killed a yak
  5354 | D:5      | Killed a yak
  5355 | D:5      | Reached XP level 9. HP: 22/56 MP: 9/9
  5356 | D:5      | Reached skill level 9 in Axes
  5496 | D:5      | 5496 ||| Stepping ~*~*~tactically~*~*~ (stealth).
  5497 | D:5      | 5497 ||| Stepping ~*~*~tactically~*~*~ (stealth).
  5500 | D:5      | 5500 ||| FLEEEEING.
  5501 | D:5      | 5501 ||| FLEEEEING.
  5502 | D:5      | 5502 ||| FLEEEEING.
  5503 | D:5      | 5503 ||| FLEEEEING.
  5504 | D:5      | 5504 ||| FLEEEEING.
  5505 | D:5      | 5505 ||| FLEEEEING.
  5506 | D:5      | 5506 ||| FLEEEEING.
  5507 | D:5      | 5507 ||| STAIRDANCE
  5542 | D:4      | 5542 ||| DRINKING 2 smoky pink potions.
  5543 | D:4      | 5543 ||| READING 2 scrolls of identify.
  5543 | D:4      | 5543 ||| IDENTIFYING pink potion
  5544 | D:4      | 5544 ||| DRINKING potion of experience.
  5544 | D:4      | Reached skill level 14 in Fighting
  5544 | D:4      | Reached XP level 10. HP: 75/75 MP: 10/10
  5545 | D:4      | 5545 ||| DROPPING potion of flight.
  6083 | D:6      | 6083 ||| FLEEEEING.
  6106 | D:6      | 6106 ||| Stepping ~*~*~tactically~*~*~ (stealth).
  6127 | D:6      | 6127 ||| Stepping ~*~*~tactically~*~*~ (stealth).
  6128 | D:6      | 6128 ||| Stepping ~*~*~tactically~*~*~ (stealth).
  6286 | D:6      | Found a staircase to the Ecumenical Temple.
  6287 | D:6      | 6287 ||| PLANNING TEMPLE
  6287 | D:6      | 6287 ||| DRINKING 2 white potions.
  6288 | D:6      | 6288 ||| DRINKING 2 dark potions.
  6289 | D:6      | 6289 ||| DROPPING potion of invisibility.
  6296 | Temple   | Entered the Ecumenical Temple
  6336 | Temple   | 6336 ||| PLANNING OKAWARU WORSHIP
  7177 | Temple   | Became a worshipper of Warmaster Okawaru
  7178 | Temple   | 7178 ||| PLANNING D:1-11
  7325 | D:6      | 7325 ||| FLEEEEING.
  7326 | D:6      | 7326 ||| FLEEEEING.
  7327 | D:6      | 7327 ||| FLEEEEING.
  7332 | D:6      | 7332 ||| FLEEEEING.
  7666 | D:6      | 7666 ||| READING 2 scrolls of identify.
  7666 | D:6      | 7666 ||| IDENTIFYING fizzy brown potion
  7667 | D:6      | 7667 ||| DROPPING potion of brilliance.
  7703 | D:7      | 7703 ||| FLEEEEING.
  7705 | D:7      | 7705 ||| FLEEEEING.
  7706 | D:7      | 7706 ||| FLEEEEING.
  7707 | D:7      | 7707 ||| FLEEEEING.
  7708 | D:7      | 7708 ||| FLEEEEING.
  7709 | D:7      | 7709 ||| FLEEEEING.
  7710 | D:7      | 7710 ||| FLEEEEING.
  7712 | D:7      | 7712 ||| FLEEEEING.
  7713 | D:7      | 7713 ||| STAIRDANCE
  7775 | D:6      | 7775 ||| UPGRADING to +0 pair of boots.
  7871 | D:7      | 7871 ||| Stepping ~*~*~tactically~*~*~ (stealth).
  7896 | D:7      | Found a broken altar of Ashenzari.
  8114 | D:7      | 8114 ||| Stepping ~*~*~tactically~*~*~ (hiding).
  8188 | D:7      | Noticed a red ugly thing
  8199 | D:7      | Killed a red ugly thing
  8199 | D:7      | Reached * piety under Okawaru
  8200 | D:7      | 8200 ||| INVOKING Heroism.
  8941 | D:7      | 8941 ||| UPGRADING to +0 plate armour.
  8951 | D:7      | 8951 ||| DROPPING +0 chain mail.
  8993 | D:8      | 8993 ||| PLANNING OSSUARY
  8993 | D:8      | 8993 ||| STAIRDANCE
  9019 | D:8      | Found a sand-covered staircase.
  9027 | Ossuary  | Entered an ossuary
  9030 | Ossuary  | 9030 ||| INVOKING Heroism.
  9048 | Ossuary  | 9048 ||| INVOKING Heroism.
  9062 | Ossuary  | Reached skill level 1 in Invocations
  9196 | Ossuary  | 9196 ||| READING 6 scrolls of identify.
  9196 | Ossuary  | 9196 ||| IDENTIFYING silvery potion
  9215 | D:8      | 9215 ||| PLANNING D:1-11
  9322 | D:8      | 9322 ||| Stepping ~*~*~tactically~*~*~ (hiding).
  9336 | D:8      | 9336 ||| Stepping ~*~*~tactically~*~*~ (stealth).
  9504 | D:8      | 9504 ||| INVOKING Heroism.
  9518 | D:8      | 9518 ||| Stepping ~*~*~tactically~*~*~ (hiding).
  9529 | D:8      | 9529 ||| INVOKING Heroism.
  9545 | D:8      | 9545 ||| DROPPING +0 flail.
  9584 | D:8      | Found a burning altar of Makhleb.
  9772 | D:8      | Reached ** piety under Okawaru
  9773 | D:8      | Reached XP level 11. HP: 80/80 MP: 12/12
  9844 | D:8      | 9844 ||| Stepping ~*~*~tactically~*~*~ (stealth).
  9846 | D:8      | 9846 ||| Stepping ~*~*~tactically~*~*~ (hiding).
  9929 | D:9      | 9929 ||| STAIRDANCE
  9961 | D:9      | Noticed Grum
  9962 | D:9      | 9962 ||| INVOKING Heroism.
  9971 | D:9      | Killed Grum
  9972 | D:9      | Reached skill level 3 in Invocations
  9993 | D:9      | 9993 ||| INVOKING Heroism.
  9995 | D:9      | 9995 ||| Stepping ~*~*~tactically~*~*~ (stealth).
 10001 | D:9      | Reached skill level 6 in Armour
 10052 | D:9      | 10052 ||| INVOKING Heroism.
 10108 | D:9      | 10108 ||| FLEEEEING.
 10109 | D:9      | 10109 ||| FLEEEEING.
 10110 | D:9      | 10110 ||| FLEEEEING.
 10111 | D:9      | 10111 ||| FLEEEEING.
 10115 | D:9      | 10115 ||| FLEEEEING.
 10116 | D:9      | 10116 ||| FLEEEEING.
 10117 | D:9      | 10117 ||| FLEEEEING.
 10118 | D:9      | 10118 ||| FLEEEEING.
 10119 | D:9      | 10119 ||| FLEEEEING.
 10120 | D:9      | 10120 ||| FLEEEEING.
 10121 | D:9      | 10121 ||| FLEEEEING.
 10122 | D:9      | 10122 ||| FLEEEEING.
 10123 | D:9      | 10123 ||| FLEEEEING.
 10125 | D:9      | 10125 ||| FLEEEEING.
 10126 | D:9      | 10126 ||| FLEEEEING.
 10486 | D:9      | Noticed a two-headed ogre
 10487 | D:9      | 10487 ||| INVOKING Heroism.
 10496 | D:9      | Killed a two-headed ogre
 10497 | D:9      | Reached skill level 3 in Throwing
 10537 | D:9      | 10537 ||| Stepping ~*~*~tactically~*~*~ (stealth).
 10539 | D:9      | 10539 ||| Stepping ~*~*~tactically~*~*~ (stealth).
 10541 | D:9      | 10541 ||| INVOKING Heroism.
 10550 | D:9      | Reached *** piety under Okawaru
 10601 | D:9      | 10601 ||| READING 6 scrolls of identify.
 10601 | D:9      | 10601 ||| IDENTIFYING metallic clear potion
 10602 | D:9      | 10602 ||| DROPPING potion of berserk rage.
 10623 | D:10     | Entered Level 10 of the Dungeon
 10630 | D:10     | 10630 ||| INVOKING Heroism.
 10652 | D:10     | 10652 ||| INVOKING Heroism.
 10803 | D:10     | 10803 ||| FLEEEEING.
 10810 | D:10     | 10810 ||| STAIRDANCE
 10881 | D:9      | 10881 ||| READING 5 scrolls of identify.
 10881 | D:9      | 10881 ||| IDENTIFYING smoky yellow potion
 10893 | D:10     | 10893 ||| Stepping ~*~*~tactically~*~*~ (stealth).
 10896 | D:10     | 10896 ||| Stepping ~*~*~tactically~*~*~ (hiding).
 10904 | D:10     | 10904 ||| INVOKING Heroism.
 11639 | D:10     | 11639 ||| DRINKING 2 sapphire potions.
 11640 | D:10     | 11640 ||| READING 7 scrolls of identify.
 11640 | D:10     | 11640 ||| IDENTIFYING blue potion
 11690 | D:11     | 11690 ||| INVOKING Heroism.
 11751 | D:11     | 11751 ||| INVOKING Heroism.
 11768 | D:11     | Noticed Harold
 11770 | D:11     | Found a staircase to the Lair.
 11772 | D:11     | Reached **** piety under Okawaru
 11778 | D:11     | 11778 ||| INVOKING Heroism.
 11789 | D:11     | Killed Harold
 11790 | D:11     | Reached XP level 12. HP: 53/85 MP: 15/15
 12246 | D:11     | 12246 ||| INVOKING Heroism.
 12326 | D:11     | Reached ***** piety under Okawaru
 12371 | D:11     | 12371 ||| READING scroll of enchant armour.
 12371 | D:11     | 12371 ||| ENCHANTING +0 helmet.
 12395 | D:11     | Reached skill level 6 in Invocations
 12491 | D:11     | Noticed a boulder beetle
 12492 | D:11     | 12492 ||| INVOKING Heroism.
 12493 | D:11     | 12493 ||| INVOKING Finesse.
 12501 | D:11     | Killed a boulder beetle
 12545 | D:11     | 12545 ||| PLANNING LAIR
 12545 | D:11     | 12545 ||| UPGRADING to +0 kite shield.
 12555 | D:11     | 12555 ||| DROPPING +0 buckler.
 12556 | D:11     | 12556 ||| READING scroll labelled YMEAGE BOQER TAEZ.
 12557 | D:11     | 12557 ||| READING scroll labelled DOENOXZAHIC.
 12581 | Lair:1   | Entered Level 1 of the Lair of Beasts
 12628 | Lair:1   | 12628 ||| Stepping ~*~*~tactically~*~*~ (stealth).
 12629 | Lair:1   | 12629 ||| Stepping ~*~*~tactically~*~*~ (stealth).
 12691 | Lair:1   | 12691 ||| INVOKING Heroism.
 12733 | Lair:1   | 12733 ||| INVOKING Heroism.
 12738 | Lair:1   | Reached skill level 6 in Shields
 12920 | Lair:1   | 12920 ||| INVOKING Heroism.
 12921 | Lair:1   | 12921 ||| INVOKING Finesse.
 13230 | Lair:1   | 13230 ||| INVOKING Heroism.
 13588 | Lair:2   | 13588 ||| DROPPING +0 morningstar.
 13642 | Lair:2   | 13642 ||| Stepping ~*~*~tactically~*~*~ (stealth).
 13647 | Lair:2   | 13647 ||| INVOKING Heroism.
 13696 | Lair:2   | 13696 ||| INVOKING Heroism.
 13791 | Lair:2   | 13791 ||| READING scroll of enchant armour.
 13791 | Lair:2   | 13791 ||| ENCHANTING +1 helmet.
 13797 | Lair:2   | 13797 ||| Stepping ~*~*~tactically~*~*~ (stealth).
 13798 | Lair:2   | 13798 ||| Stepping ~*~*~tactically~*~*~ (stealth).
 13799 | Lair:2   | 13799 ||| Stepping ~*~*~tactically~*~*~ (stealth).
 13800 | Lair:2   | 13800 ||| INVOKING Heroism.
 13826 | Lair:2   | Noticed Fannar
 13829 | Lair:2   | 13829 ||| Stepping ~*~*~tactically~*~*~ (hiding).
 13847 | Lair:2   | Killed Fannar
 13848 | Lair:2   | Reached skill level 9 in Invocations
 13848 | Lair:2   | Reached XP level 13. HP: 66/90 MP: 19/19
 14082 | Lair:2   | 14082 ||| READING scroll of enchant armour.
 14082 | Lair:2   | 14082 ||| ENCHANTING +0 pair of boots.
 14107 | Lair:2   | 14107 ||| INVOKING Heroism.
 14108 | Lair:2   | 14108 ||| INVOKING Finesse.
 14110 | Lair:2   | 14110 ||| SWAPPING to +0 morningstar of protection.
 14118 | Lair:2   | Identified the +1 cloak "Guig" {Str-5 Int+2 Slay+6}
                  | (Okawaru gifted it to you on level 2 of the Lair of Beasts)
 14118 | Lair:2   | Received a gift from Okawaru
 14119 | Lair:2   | 14119 ||| SWAPPING to +6 war axe of Erien {elec, rC-
                  | Will+++ MP+9 SInv}.
 14345 | Lair:2   | Found a staircase to the Swamp.
 14346 | Lair:2   | 14346 ||| Stepping ~*~*~tactically~*~*~ (hiding).
 14347 | Lair:2   | 14347 ||| Stepping ~*~*~tactically~*~*~ (hiding).
 14349 | Lair:2   | 14349 ||| INVOKING Heroism.
 14353 | Lair:2   | HP: 20/90 [bog body (31)]
 14354 | Lair:2   | 14354 ||| READING 9 scrolls of teleportation.
 14355 | Lair:2   | 14355 ||| DRINKING 4 potions of heal wounds.
 14651 | Lair:2   | 14651 ||| Stepping ~*~*~tactically~*~*~ (hiding).
 14654 | Lair:2   | 14654 ||| Stepping ~*~*~tactically~*~*~ (cloud).
 14654 | Lair:2   | Mangled by a bog body

Levels and vault maps discovered:
D:1:      nicolae_arrival_somewhat_less_tricky_arrival, layout_basic,
          shapermc_ecumenical_altar_rom_forum
D:2:      layout_loops_ring, serial_shops, nicolae_shop_bloodbath_and_beyond,
          kennysheep_generic_room_13
D:3:      layout_basic, mainiacjoe_overflow_paths, minmay_cut_off,
          uniq_crazy_yiuf_cottage
D:4:      layout_layer_cave, hangedman_decor_clover_reticule,
          uniq_blork_the_orc, uniq_robin, uniq_sigmund
D:5:      layout_layer_cave, gammafunk_ghost_nasty_kobolds,
          minmay_crystal_water, uniq_ijyb
D:6:      layout_cave_pools, minmay_temple_entry_glassed_door,
          grunt_decor_resistance
D:7:      layout_basic, marbit_many_paths
D:8:      layout_basic, old_standard_altar, chequers_ossuary_entry_cave
D:9:      layout_roguey, uniq_grum
D:10:     layout_basic
D:11:     layout_roguey, due_lair_maze_entry_diamond, uniq_harold
Temple:   compressed_dpeg_triangle_lava_temple
Lair:1:   layout_cellular_growth
Lair:2:   layout_regular_city, skrybe_swamp_entry_bodies, serial_bayou_crossing,
          uniq_fannar

Skill      XL: |  1  2  3  4  5  6  7  8  9 10 11 12 |
---------------+-------------------------------------+-----
Axes           | 2 3 4 5 7 8 9 10 11 | 11.2
Fighting       | 4 6 14 | 14.0
Dodging        | 1 |  1.5
Armour         | 4 5 7 8 |  8.0
Shields        | 4 5 8 |  8.9
Throwing       | 2 3 4 |  4.0
Invocations    | 2 4 9 |  9.5

Action                   |  1- 3 |  4- 6 |  7- 9 | 10-12 | 13-15 || total
-------------------------+-------+-------+-------+-------+-------++-------
Melee: War axe           |    94 |    74 |    92 |   451 |    13 ||   724
       Morningstar       |       |       |       |       |     6 ||     6
Throw: Boomerang         |       |       |       |    48 |       ||    48
       Javelin           |       |       |       |    42 |     7 ||    49
Invok: Heroism           |       |       |       |    25 |     2 ||    27
       Finesse           |       |       |       |     2 |     1 ||     3
  Use: Scroll            |     7 |     2 |     4 |     9 |     2 ||    24
       Potion            |       |     3 |     3 |     3 |     1 ||    10
Armor: Scale mail        |    40 |    27 |    12 |       |       ||    79
       Chain mail        |       |       |    44 |    52 |       ||    96
       Plate armour      |       |       |       |   184 |    12 ||   196
Dodge: Dodged            |    46 |    39 |    31 |   122 |     4 ||   242
Block: Buckler           |    17 |    15 |    17 |    49 |       ||    98
       Kite shield       |       |       |       |    46 |     8 ||    54

Table legend:
 A = Non-vault XP
 B = Vault XP
 C = Vault XP percentage of total XP
 D = Non-vault monster count
 E = Vault monster count
 F = Vault count percentage of total count
                 A         B        C        D         E       F
            +---------+---------+-------+---------+---------+-------
      Total |   26347 |    5566 |  17.4 |     268 |      53 |  16.5
            +---------+---------+-------+---------+---------+-------
        D:1 |      36 |       0 |   0.0 |      22 |       0 |   0.0
        D:2 |       7 |      15 |  68.2 |       4 |       2 |  33.3
        D:3 |     171 |      19 |  10.0 |      15 |       3 |  16.7
        D:4 |     632 |     360 |  36.3 |      25 |      13 |  34.2
        D:5 |    1616 |      36 |   2.2 |      28 |       1 |   3.4
        D:6 |     826 |       0 |   0.0 |      29 |       0 |   0.0
        D:7 |    1580 |     214 |  11.9 |      22 |       1 |   4.3
        D:8 |     958 |       0 |   0.0 |      25 |       0 |   0.0
        D:9 |    3414 |     418 |  10.9 |      22 |       3 |  12.0
       D:10 |    3090 |       0 |   0.0 |      16 |       0 |   0.0
       D:11 |    3478 |    2803 |  44.6 |      16 |      12 |  42.9
     Lair:1 |    4561 |       0 |   0.0 |      15 |       0 |   0.0
     Lair:2 |    5978 |    1549 |  20.6 |      29 |       2 |   6.5
    Ossuary |       0 |     152 | 100.0 |       0 |      16 | 100.0
            +---------+---------+-------+---------+---------+-------
